[Event "Titled Tuesday Blitz September 21 2021"]
[White "Budrewicz, Krzysztof"]
[Black "Toolin, Christopher"]
[WhiteFideId "1127950"]
[BlackFideId "2024543"]
[WhiteElo "2242"]
[BlackElo "2351"]
[Result "1-0"]
[Round "08"]
[TimeControl "180+1"]
[Date "2021.09.21"]
[WhiteClock "0:01:08"]
[BlackClock "0:00:06"]

1. d4 Nf6 2. c4 e6 3. Nf3 d5 4. Nc3 Bb4 5. e3 c5 6. a3 Bxc3+ 7. bxc3 O-O 8. a4 Qa5 9. Qc2 cxd4 10. exd4 Nc6 11. Ba3 Rd8 12. Bd3 dxc4 13. Bxc4 Qf5 14. Qxf5 exf5 15. O-O Ne4 16. Rac1 Na5 17. Ba2 Be6 18. c4 Rac8 19. d5 Bd7 20. Nd4 g6 21. Nb5 Bxb5 22. cxb5 b6 23. Be7 Rxc1 24. Rxc1 Rd7 25. d6 Nxd6 26. Bf6 Ne8 27. Ba1 Nb7 28. h4 Nc5 29. Kh2 Rd2 30. Bc4 Rxf2 31. Rd1 Rf4 32. Rd8 Kf8 33. Bd5 Rxh4+ 34. Kg1 Ke7 35. Ra8 Nc7 36. Rxa7 Kd6 37. Bxf7 Rxa4 38. Rxa4 Nxa4 39. Bg8 Nxb5 40. Bxh7 Nac3 41. Bxg6 f4 42. Kf2 Kd5 43. Kf3 Nd4+ 44. Kxf4 Nce2+ 45. Ke3 b5 46. Be4+ Kc5 47. Bd3 Nb3 48. Bf6 Nc3 49. Bxc3 1-0


[Site "https://www.chess.com"]

[Event "Titled Tuesday Blitz September 21 2021"]
[White "Corrales Jimenez, Fidel"]
[Black "GjakanTati"]
[WhiteFideId "3506690"]
[WhiteElo "2555"]
[BlackElo "2630"]
[Result "1-0"]
[Round "08"]
[TimeControl "180+1"]
[Date "2021.09.21"]
[WhiteClock "0:00:21"]
[BlackClock "0:00:14"]

1. e4 e5 2. Nf3 Nc6 3. d4 exd4 4. Nxd4 Bc5 5. Nb3 Bb6 6. Nc3 Nge7 7. Qe2 O-O 8. Be3 f5 9. f4 Bxe3 10. Qxe3 fxe4 11. O-O-O d5 12. Nxe4 Nf5 13. Qf2 Kh8 14. Nc3 Be6 15. g4 Nh6 16. h3 Qd6 17. f5 Rad8 18. Bg2 d4 19. Bxc6 Qxc6 20. Nxd4 Qb6 21. Rhf1 Bg8 22. Nf3 Qa5 23. a3 Nf7 24. Rxd8 Rxd8 25. Rd1 Nd6 26. Qe3 Re8 27. Qf4 Rf8 28. Ne5 b5 29. Re1 Qa6 30. Qg5 Nc4 31. Nxc4 bxc4 32. Qe3 Rb8 33. Ne4 Re8 34. Qc3 Qc6 35. Ng3 Qh6+ 36. Kb1 Rxe1+ 37. Qxe1 Qxh3 38. g5 Qg4 39. f6 Qxg5 40. fxg7+ Kxg7 41. Ne4 Qe5 42. Qg1+ Kh8 43. Nd2 Bf7 44. Nf3 Qf4 45. Nd4 Bg6 46. Ka2 Qe5 47. Nb5 Qxb5 48. Qd4+ Kg8 49. Qd8+ Kg7 50. Qxc7+ Kf6 51. Qf4+ Qf5 52. Qd4+ Qe5 53. Qxa7 Qe6 54. Qd4+ Kf7 55. c3 h5 56. a4 Be4 57. a5 h4 58. Qc5 Kg6 59. Qb5 h3 60. Qb8 Qd5 61. Qe8+ Kg5 62. Qe7+ Kf4 63. Qc7+ Ke3 64. a6 Qb5 65. Qg3+ Bf3 66. a7 Qa4+ 67. Kb1 Qxa7 68. Qg1+ Kd2 69. Qxa7 Be4+ 70. Ka2 h2 71. Qf2+ Kc1 72. Qxh2 Bb1+ 73. Ka3 Bd3 74. Qg1+ Kc2 75. Qd4 Kb1 76. b4 Ka1 77. Qf2 Bc2 78. Qf1+ Bb1 79. Qf4 Bc2 80. Qe5 Bb3 81. b5 Bc2 82. b6 Ba4 83. b7 Bc6 84. b8=Q Bb5 85. Kb4 Ba4 86. Kc5 Bc2 87. Kd4 Ba4 88. Qec7 Bc6 89. Qcb6 Ba4 90. Qb2# 1-0


[Site "https://www.chess.com"]

[Event "Titled Tuesday Blitz September 21 2021"]
[White "Coto Mederos, Michel"]
[Black "Lysyj, Igor"]
[WhiteFideId "3508528"]
[BlackFideId "4150120"]
[WhiteElo "2427"]
[BlackElo "2660"]
[Result "0-1"]
[Round "08"]
[TimeControl "180+1"]
[Date "2021.09.21"]
[WhiteClock "0:00:02"]
[BlackClock "0:01:03"]

1. c4 b6 2. Nc3 Bb7 3. Nf3 Nf6 4. g3 g6 5. Bg2 Bg7 6. O-O O-O 7. d3 c5 8. e4 Nc6 9. h3 d6 10. Be3 Nd7 11. Qd2 Nde5 12. Bh6 Nxf3+ 13. Bxf3 Nd4 14. Bg2 e6 15. Bxg7 Kxg7 16. Ne2 Qf6 17. Nxd4 Qxd4 18. Qc3 Qxc3 19. bxc3 e5 20. f4 f5 21. fxe5 dxe5 22. exf5 Bxg2 23. f6+ Rxf6 24. Rxf6 Kxf6 25. Kxg2 Rd8 26. Rd1 e4 27. d4 Rc8 28. d5 Ke5 29. Kf2 Rf8+ 30. Ke2 a6 31. Rf1 Rxf1 32. Kxf1 b5 33. cxb5 axb5 0-1


[Site "https://www.chess.com"]

[Event "Titled Tuesday Blitz September 21 2021"]
[White "Czerw, Dawid"]
[Black "Hambleton, Aman"]
[WhiteFideId "1145746"]
[BlackFideId "2606577"]
[WhiteElo "2075"]
[BlackElo "2552"]
[Result "0-1"]
[Round "08"]
[TimeControl "180+1"]
[Date "2021.09.21"]
[WhiteClock "0:00:01"]
[BlackClock "0:00:06"]

1. d4 c6 2. c4 d5 3. Nc3 Nf6 4. cxd5 Bg4 5. f3 Bh5 6. dxc6 Nxc6 7. e3 e6 8. Bb5 a6 9. Bxc6+ bxc6 10. Nge2 Bd6 11. e4 Be7 12. Be3 O-O 13. O-O Qb8 14. Qc2 Rd8 15. Rac1 Bg6 16. Nf4 a5 17. Nxg6 hxg6 18. Na4 Rc8 19. Qf2 Nd7 20. Rc2 Bd6 21. g3 Qb5 22. b3 Rc7 23. d5 cxd5 24. Rxc7 Bxc7 25. Rc1 Be5 26. f4 Bd6 27. exd5 exd5 28. Nc3 Qb7 29. Rd1 Nf6 30. Qg2 Qe7 31. Bf2 Ne4 32. Nxd5 Qe6 33. Re1 f5 34. Rd1 Rc8 35. Be3 Bf8 36. Qe2 Kh7 37. Qd3 Rc6 38. Bf2 Bc5 39. Bxc5 Rxc5 40. Ne3 Qc6 41. Nc4 a4 42. Ne5 Qc7 43. Qd7 Qxd7 44. Rxd7 Rc1+ 45. Kg2 Rc2+ 46. Kf3 Rxa2 47. bxa4 Ra3+ 48. Kg2 Ra2+ 49. Kf3 Rxa4 50. Nf7 Ra3+ 51. Kg2 Ra2+ 52. Kf3 Rf2+ 53. Ke3 Rxh2 54. Ng5+ Nxg5 55. fxg5 Rg2 56. Kf3 Rg1 57. Kf2 Rh1 58. Kf3 Rh5 59. Kf4 Rh1 60. Kf3 Rf1+ 61. Kg2 Rb1 62. Kf3 Rb4 63. Rd1 Rg4 64. Rh1+ Kg8 65. Rh4 Rxg5 66. Rf4 Kf7 67. Ra4 Rh5 68. Ra7+ Kg8 69. Ra6 Kh7 70. Ra8 Rh1 71. Ra4 Rf1+ 72. Kg2 Re1 73. Ra8 Re6 74. Ra4 g5 75. Ra5 Kg6 76. Kf3 g4+ 77. Kg2 Kg5 78. Kg1 Kf6 79. Kg2 g6 80. Ra8 Re2+ 81. Kg1 Rb2 82. Ra6+ Kg5 83. Kf1 Rb3 84. Kg2 Rd3 85. Kf2 Rd5 86. Kg2 Rd7 87. Kf2 Rf7 88. Kg2 Rf6 89. Ra8 Kh6 90. Rh8+ Kg7 91. Ra8 g5 92. Ra5 Kg6 93. Ra8 f4 94. Rg8+ Kf5 95. Ra8 Re6 96. Ra5+ Re5 97. Ra8 Re2+ 98. Kf1 Rb2 99. Ra5+ Ke4 100. Rxg5 Kf3 101. Ke1 Kxg3 0-1


[Site "https://www.chess.com"]

[Event "Titled Tuesday Blitz September 21 2021"]
[White "De Silva, L M S T"]
[Black "Sliwicki, Damian"]
[WhiteFideId "9953698"]
[BlackFideId "1127128"]
[WhiteElo "1621"]
[BlackElo "2151"]
[Result "1-0"]
[Round "08"]
[TimeControl "180+1"]
[Date "2021.09.21"]
[WhiteClock "0:00:07"]
[BlackClock "0:00:13"]

1. e4 c5 2. Nf3 g6 3. d4 cxd4 4. Nxd4 Nc6 5. c4 Nf6 6. Nc3 Nxd4 7. Qxd4 d6 8. Be3 Bg7 9. Be2 O-O 10. Qd2 a5 11. Bh6 a4 12. Bxg7 Kxg7 13. O-O Qa5 14. Rac1 Be6 15. Qd4 Rac8 16. Nd5 Bxd5 17. exd5 Qc5 18. Qc3 b5 19. b4 Qa7 20. c5 Kg8 21. Rfd1 dxc5 22. bxc5 Ne4 23. Qd4 Nxc5 24. Bxb5 a3 25. Bc6 Rfd8 26. Qxc5 Qa6 27. Qxe7 Qb6 28. Re1 Qb2 29. d6 Qb4 30. Bd5 Rf8 31. d7 Qxe7 32. dxc8=Q Qxe1+ 33. Rxe1 Rxc8 34. Bb3 Kg7 35. g3 Kf6 36. Re4 Kf5 37. Rf4+ Ke5 38. Rxf7 h5 39. Ra7 Ke4 40. Kg2 g5 41. Ra4+ Ke5 42. Rxa3 h4 43. gxh4 gxh4 44. Ra4 Rg8+ 45. Kh3 Rf8 46. Rxh4 Rxf2 47. Ra4 Kf5 48. Kg3 Rd2 49. h4 Rd3+ 50. Kg2 Rc3 51. h5 Kg5 52. Ra5+ Kh6 53. Kf2 Rh3 54. Ke2 Rc3 55. Kd2 Rc7 56. a4 Kg7 57. Rb5 Kh8 58. Rb6 Rb7 59. a5 Rd7+ 60. Kc3 Rc7+ 61. Bc4 Rb7 62. Bd3 Rc7+ 63. Kb4 Rd7 64. Bc4 Rb7 65. Kb5 Rc7 66. a6 Rd7 67. Rb8+ Kg7 68. Rb7 Kh8 69. Kc6 Rd6+ 70. Kb5 Rd5+ 71. Kb4 Rd6 72. Rb8+ Kh7 73. a7 Rd7 74. a8=Q Rc7 75. Rb7 Rxb7+ 76. Qxb7+ Kh8 77. Bd3 Kg8 78. Qh7+ Kf8 79. Bc4 Ke8 80. Qg7 Kd8 81. h6 Kc8 82. h7 Kd8 83. h8=Q# 1-0


[Site "https://www.chess.com"]

[Event "Titled Tuesday Blitz September 21 2021"]
[White "Estrada Nieto, Julian"]
[Black "Madaminov, Mukhiddin"]
[WhiteFideId "5101018"]
[BlackFideId "14210703"]
[WhiteElo "2270"]
[BlackElo "1855"]
[Result "1-0"]
[Round "08"]
[TimeControl "180+1"]
[Date "2021.09.21"]
[WhiteClock "0:00:03"]
[BlackClock "0:00:06"]

1. e4 e5 2. Nf3 Nc6 3. Bb5 Nf6 4. O-O a6 5. Bxc6 dxc6 6. Nxe5 Bc5 7. d3 O-O 8. Nf3 Bg4 9. Be3 Qe7 10. Nbd2 Rad8 11. Bxc5 Qxc5 12. Qc1 Rfe8 13. h3 Bh5 14. Nb3 Qe7 15. Qf4 b6 16. Rfe1 c5 17. Nbd2 a5 18. Qh4 Bg6 19. Nc4 a4 20. Nce5 Qe6 21. Nxg6 hxg6 22. Ng5 Qe5 23. Rab1 Qd4 24. Nf3 Qd7 25. e5 Nd5 26. Ng5 Qf5 27. e6 fxe6 28. Qh7+ Kf8 29. Qh8+ Ke7 30. Qxg7+ Kd6 31. Nf7+ Kc6 32. Nxd8+ Rxd8 33. Qe5 Kb7 34. Qxe6 Qxe6 35. Rxe6 Nb4 36. Re2 a3 37. bxa3 Nxa2 38. Rbe1 Ra8 39. Re7 Rxa3 40. R1e6 Nc3 41. Rxg6 Ra1+ 42. Kh2 Rc1 43. Rgg7 Rxc2 44. Rxc7+ Ka6 45. h4 Nd5 46. Ra7+ Kb5 47. h5 Rxf2 48. h6 Rf6 49. h7 Rh6+ 50. Kg3 Nf6 51. Ra8 Rxh7 52. Rxh7 Nxh7 53. Kf4 Nf6 54. g4 Nd5+ 55. Ke5 Nb4 56. g5 Nxd3+ 57. Kf6 Nf4 58. g6 Nxg6 59. Kxg6 Kc4 60. Kf5 b5 61. Ke4 b4 62. Ke3 Kc3 63. Rc8 c4 64. Ke2 b3 65. Kd1 Kb4 66. Rb8+ Ka3 67. Kc1 c3 68. Kb1 c2+ 69. Kc1 Ka4 70. Rb7 Ka3 71. Rb8 Ka4 72. Ra8+ Kb4 73. Kb2 Kc4 74. Rc8+ Kd3 75. Rc3+ Kd2 76. Kxb3 Kd1 77. Rxc2 Ke1 78. Kc3 Kd1 79. Kd3 1-0


[Site "https://www.chess.com"]

[Event "Titled Tuesday Blitz September 21 2021"]
[White "Gracia Alvarez, Gerardo Antonio"]
[Black "Kornyukov, Alexey"]
[WhiteFideId "5109124"]
[BlackFideId "4150457"]
[WhiteElo "2148"]
[BlackElo "2367"]
[Result "1-0"]
[Round "08"]
[TimeControl "180+1"]
[Date "2021.09.21"]
[WhiteClock "0:00:08"]
[BlackClock "0:00:32"]

1. e4 c5 2. Nf3 Nc6 3. d4 cxd4 4. Nxd4 Nf6 5. Nc3 e5 6. Ndb5 d6 7. Nd5 Nxd5 8. exd5 Nb8 9. c4 Be7 10. Be2 O-O 11. O-O a6 12. Nc3 f5 13. f4 Bf6 14. Be3 Nd7 15. Qd2 exf4 16. Bxf4 Ne5 17. Kh1 Bd7 18. Rac1 Rc8 19. b3 g5 20. Be3 Qe7 21. Bd4 Qg7 22. Rcd1 Rce8 23. a4 Ng6 24. Bxf6 Qxf6 25. Bd3 Nf4 26. Bc2 Re5 27. g3 Nh3 28. Ne4 f4 29. Nxf6+ Rxf6 30. Rde1 Bg4 31. gxf4 gxf4 32. Rxe5 dxe5 33. d6 Rg6 34. Bxg6 Bf3+ 35. Rxf3 e4 36. Bxe4 Nf2+ 37. Rxf2 1-0


[Site "https://www.chess.com"]

[Event "Titled Tuesday Blitz September 21 2021"]
[White "Herrera Reyes, Jose Antonio"]
[Black "Siva Mahadevan"]
[WhiteFideId "2274914"]
[BlackFideId "25043153"]
[WhiteElo "2361"]
[BlackElo "2203"]
[Result "1-0"]
[Round "08"]
[TimeControl "180+1"]
[Date "2021.09.21"]
[WhiteClock "0:00:15"]
[BlackClock "0:00:07"]

1. Nf3 Nf6 2. g3 g6 3. Bg2 Bg7 4. d3 O-O 5. Nc3 d5 6. h4 d4 7. Nb1 h5 8. Bg5 c5 9. O-O Nc6 10. Qd2 Ng4 11. Qc1 f6 12. Bd2 e5 13. a3 Be6 14. b4 b6 15. bxc5 bxc5 16. a4 c4 17. dxc4 Bxc4 18. Re1 Rc8 19. Na3 Bd5 20. Qb2 f5 21. Bg5 Qd7 22. Rad1 Be6 23. e4 fxe4 24. Rxe4 Bd5 25. Rde1 Qf5 26. Nb5 Rb8 27. Qa3 a6 28. Nd6 Qd7 29. c4 Bxe4 30. Nxe4 Nb4 31. Rc1 a5 32. c5 d3 33. Nfd2 Qd4 34. Rf1 Kh7 35. Be7 Rf5 36. Ng5+ Kh8 37. Qb3 Rxf2 38. Rxf2 Qxf2+ 39. Kh1 Bh6 40. Nf7+ Kg7 41. Nxh6 Nxh6 42. Nf3 Nf5 43. Qe6 Nxg3+ 44. Kh2 Qe3 45. Qf6+ Kh7 46. Ng5+ Kh6 47. Nf7+ Kh7 48. Ng5+ Kh6 49. Qf7 Rh8 50. Bf6 Qf4 51. Qg7# 1-0


[Site "https://www.chess.com"]

[Event "Titled Tuesday Blitz September 21 2021"]
[White "Holt, Conrad"]
[Black "Timmermans, Mark"]
[WhiteFideId "2034387"]
[BlackFideId "1026399"]
[WhiteElo "2586"]
[BlackElo "2460"]
[Result "1-0"]
[Round "08"]
[TimeControl "180+1"]
[Date "2021.09.21"]
[WhiteClock "0:00:07"]
[BlackClock "0:00:34"]

1. d4 Nf6 2. c4 e6 3. Nc3 Bb4 4. Qc2 O-O 5. e4 d5 6. e5 Ne4 7. Bd3 f5 8. exf6 Nxf6 9. Nf3 Nc6 10. O-O h6 11. a3 Bxc3 12. bxc3 dxc4 13. Bxc4 Nd5 14. Re1 Qf6 15. Bd2 Bd7 16. Qe4 Rad8 17. Bd3 Qf5 18. Qe2 Qf7 19. Qe4 Nf6 20. Qh4 Nd5 21. Re2 Rde8 22. Rae1 Nf4 23. Bxf4 Qxf4 24. Qxf4 Rxf4 25. Bg6 Ref8 26. Be4 R8f6 27. Nd2 Na5 28. g3 Rg4 29. h3 Rg5 30. h4 Rb5 31. Kg2 Rb2 32. Nf3 Rxe2 33. Rxe2 Nc4 34. Bxb7 Rf5 35. Ne5 Nxe5 36. Rxe5 Rf8 37. Rc5 Kf7 38. Rxc7 Ke8 39. Be4 a5 40. Ra7 Rf6 41. Rxa5 Ke7 42. Ra7 Kd6 43. a4 Rf8 44. c4 Rc8 45. c5+ Ke7 46. c6 Rc7 47. Rxc7 1-0


[Site "https://www.chess.com"]

[Event "Titled Tuesday Blitz September 21 2021"]
[White "Khanin, Semen"]
[Black "Baskin, Robert"]
[WhiteFideId "4111990"]
[BlackFideId "24662402"]
[WhiteElo "2449"]
[BlackElo "2521"]
[Result "0-1"]
[Round "08"]
[TimeControl "180+1"]
[Date "2021.09.21"]
[WhiteClock "0:00:02"]
[BlackClock "0:00:43"]

1. e4 c5 2. Nf3 d6 3. d4 cxd4 4. Nxd4 Nf6 5. Nc3 a6 6. f3 e5 7. Nb3 Be6 8. Be3 Be7 9. Qd2 O-O 10. O-O-O Nbd7 11. g4 b5 12. g5 Nh5 13. Kb1 Rc8 14. Nd5 Bxd5 15. exd5 Nb6 16. Na5 Nxd5 17. Qxd5 Qxa5 18. Bd3 g6 19. c4 Nf4 20. Bxf4 exf4 21. cxb5 Rc5 22. Qb7 Bxg5 23. Qxa6 Qb4 24. Rhe1 Bf6 25. Re2 Qd4 26. b6 Rb8 27. b7 Rc7 28. Rc1 Rcxb7 29. Rcc2 Rxb2+ 30. Rxb2 Qg1+ 31. Kc2 Rxb2# 0-1


[Site "https://www.chess.com"]

[Event "Titled Tuesday Blitz September 21 2021"]
[White "Kubicka, Anna"]
[Black "Maly, Alexey"]
[WhiteFideId "1152254"]
[BlackFideId "14103184"]
[WhiteElo "1986"]
[BlackElo "2250"]
[Result "0-1"]
[Round "08"]
[TimeControl "180+1"]
[Date "2021.09.21"]
[WhiteClock "0:00:08"]
[BlackClock "0:01:27"]

1. g3 d5 2. Bg2 Nf6 3. d4 Bf5 4. Nf3 e6 5. O-O h6 6. c4 Nbd7 7. Nbd2 c6 8. b3 Be7 9. Bb2 O-O 10. Rc1 a5 11. c5 b6 12. cxb6 Qxb6 13. Re1 c5 14. Ba3 Rfc8 15. dxc5 Bxc5 16. Bxc5 Nxc5 17. Nd4 Bg6 18. N2f3 Nfe4 19. Ne5 Bh7 20. e3 Rc7 21. Qg4 Rac8 22. h4 a4 23. bxa4 Nxa4 24. Nd7 Qb2 25. Bxe4 Rxc1 26. Bxh7+ Kxh7 27. Rxc1 Rxc1+ 28. Kg2 Qb1 29. Nf8+ Kg8 30. Nd7 Rg1+ 31. Kf3 Nc3 32. Nxe6 Qe4+ 33. Qxe4 dxe4+ 34. Kf4 fxe6 35. Nc5 Nxa2 36. Nxe6 Rf1 37. Nc5 Rxf2+ 38. Kxe4 Nc3+ 39. Kd3 Nd5 40. Ne4 Rf3 41. Kd4 Nf6 42. Nd2 Rxg3 43. Ke5 Rxe3+ 44. Kf4 Rh3 45. Nf3 Rxf3+ 46. Kxf3 g5 47. Kg3 gxh4+ 48. Kxh4 Kg7 49. Kg3 Kg6 50. Kh4 h5 51. Kg3 Kg5 52. Kh3 h4 53. Kg2 Kg4 54. Kh2 h3 55. Kg1 Kg3 56. Kh1 Ng4 57. Kg1 h2+ 58. Kh1 Nf2# 0-1


[Site "https://www.chess.com"]

[Event "Titled Tuesday Blitz September 21 2021"]
[White "Levitskiy, Andrey"]
[Black "Onyshchuk, Volodymyr"]
[WhiteFideId "14132885"]
[BlackFideId "14114038"]
[WhiteElo "2340"]
[BlackElo "2603"]
[Result "0-1"]
[Round "08"]
[TimeControl "180+1"]
[Date "2021.09.21"]
[WhiteClock "0:00:04"]
[BlackClock "0:00:05"]

1. e4 d6 2. d4 Nf6 3. Nc3 g6 4. Be3 c6 5. h3 Nbd7 6. f4 b5 7. a3 Nb6 8. Nf3 Bg7 9. Bd3 O-O 10. O-O a6 11. b3 Qc7 12. Qe1 c5 13. dxc5 dxc5 14. Qf2 Nfd7 15. e5 Bb7 16. Be4 Rad8 17. Rae1 b4 18. axb4 cxb4 19. Bxb7 Qxb7 20. Nb1 Nd5 21. Nbd2 N7b6 22. Ne4 Nxe3 23. Qxe3 Nd5 24. Qc1 Qb6+ 25. Kh1 Rc8 26. f5 gxf5 27. Ng3 f4 28. Nh5 Qh6 29. Nxg7 Qxg7 30. Re4 e6 31. Rd1 Rfd8 32. Rdd4 Kh8 33. Rxf4 Nxf4 34. Rxf4 Qh6 35. Qe3 Rxc2 36. Qe4 Rc1+ 37. Kh2 Qg6 38. Qe3 Rc3 39. Qb6 Rg8 40. Rg4 Qh6 41. Qxb4 Rxg4 42. Qxc3 Qf4+ 43. Kh1 Rg8 44. Qc6 Rd8 45. Qc2 Kg7 46. Qe2 a5 47. Qc2 Rd5 48. Qe2 h5 49. Kg1 Rc5 50. Kf2 Rc1 51. g3 Qb4 52. Qe3 Rc2+ 53. Kf1 Qe7 54. Ng5 Qc5 55. Qf4 Rc1+ 56. Ke2 Qc2+ 57. Kf3 Rf1+ 58. Ke3 Re1+ 59. Kf3 Qe2# 0-1


[Site "https://www.chess.com"]

[Event "Titled Tuesday Blitz September 21 2021"]
[White "Lossi C., Cyrano Jose"]
[Black "Leitao, Rafael"]
[WhiteFideId "7301600"]
[BlackFideId "2101246"]
[WhiteElo "1811"]
[BlackElo "2609"]
[Result "0-1"]
[Round "08"]
[TimeControl "180+1"]
[Date "2021.09.21"]
[WhiteClock "0:00:16"]
[BlackClock "0:01:54"]

1. e4 e5 2. Nf3 Nc6 3. Bc4 Nf6 4. O-O Nxe4 5. Re1 d5 6. Bb3 Bc5 7. d4 Nxd4 8. Nxd4 Bxd4 9. Be3 Bxe3 10. Rxe3 O-O 11. Qh5 Nf6 12. Qxe5 Re8 13. Qd4 Rxe3 14. Qxe3 Bf5 15. Nd2 Qd7 16. Re1 Re8 17. Ba4 Rxe3 0-1


[Site "https://www.chess.com"]

[Event "Titled Tuesday Blitz September 21 2021"]
[White "Maksimenko, Viktor"]
[Black "Novikova, Galina"]
[WhiteFideId "13710478"]
[BlackFideId "4157095"]
[WhiteElo "2269"]
[BlackElo "1844"]
[Result "1-0"]
[Round "08"]
[TimeControl "180+1"]
[Date "2021.09.21"]
[WhiteClock "0:01:25"]
[BlackClock "0:00:05"]

1. d4 d5 2. Kd2 Nc6 3. Nf3 Bf5 4. e3 Nf6 5. Bd3 Bxd3 6. cxd3 Qd7 7. Nc3 e6 8. Ke2 Be7 9. Bd2 O-O 10. Qa4 a6 11. Rhc1 Rfd8 12. Qb3 b5 13. a4 Na7 14. axb5 Nxb5 15. Nxb5 axb5 16. Rxa8 Rxa8 17. Qc2 Rc8 18. Ne5 Qe8 19. b4 Bd6 20. Nc6 h6 21. Ra1 Ra8 22. Ra5 Ng4 23. h3 Nf6 24. Rxb5 Nd7 25. Ra5 Rc8 26. b5 Nf6 27. Ra7 e5 28. dxe5 Bxe5 29. Bc3 Bxc3 30. Qxc3 Qe6 31. Nd4 Qb6 32. Qa5 Qc5 33. Ra8 Rxa8 34. Qxa8+ Kh7 35. Qc6 Qa3 36. Qxc7 Qa2+ 37. Qc2 Qa1 38. b6 Qh1 39. b7 Qxg2 40. b8=Q Qxh3 41. Qcc8 1-0


[Site "https://www.chess.com"]

[Event "Titled Tuesday Blitz September 21 2021"]
[White "Manukyan, Artyom"]
[Black "Grandelius, Nils"]
[WhiteFideId "13305786"]
[BlackFideId "1710400"]
[WhiteElo "2034"]
[BlackElo "2651"]
[Result "0-1"]
[Round "08"]
[TimeControl "180+1"]
[Date "2021.09.21"]
[WhiteClock "0:00:07"]
[BlackClock "0:01:44"]

1. e4 c5 2. Nc3 e6 3. g3 d5 4. exd5 exd5 5. Bg2 d4 6. Nd5 Ne7 7. Nxe7 Bxe7 8. Nf3 O-O 9. O-O d3 10. Re1 Nc6 11. cxd3 Bf6 12. Qa4 Qxd3 13. Qe4 Bf5 14. Qxd3 Bxd3 15. Bf1 Bf5 16. d3 Nb4 17. Be3 Nc2 18. Rac1 Nxe1 19. Rxe1 b6 20. d4 Bg4 21. Bg2 cxd4 22. Bxd4 Bxf3 23. Bxf3 Bxd4 24. Bxa8 Rxa8 25. b3 Kf8 26. Rd1 Rd8 27. Kg2 Ke7 0-1


[Site "https://www.chess.com"]

[Event "Titled Tuesday Blitz September 21 2021"]
[White "Nesterov, Arseniy"]
[Black "Kovalchuk94"]
[WhiteFideId "24198455"]
[WhiteElo "2494"]
[BlackElo "2692"]
[Result "1-0"]
[Round "08"]
[TimeControl "180+1"]
[Date "2021.09.21"]
[WhiteClock "0:00:09"]
[BlackClock "0:00:04"]

1. d4 Nf6 2. c4 e6 3. Nf3 d5 4. Nc3 Bb4 5. Qb3 c5 6. dxc5 Na6 7. cxd5 exd5 8. e3 Qa5 9. Bxa6 bxa6 10. Bd2 Be6 11. Qa4+ Nd7 12. Qxa5 Bxa5 13. Na4 Bc7 14. Nd4 Rb8 15. b4 Ne5 16. Ke2 Bd7 17. Nc3 Be6 18. a3 Nc4 19. Rhd1 O-O 20. Be1 Rbc8 21. f3 Be5 22. Bg3 Bf6 23. Na4 Bd7 24. Nc3 Be6 25. Rd3 Rfe8 26. Kf2 Nb2 27. Rd2 Nc4 28. Rdd1 Nb2 29. Rd2 Nc4 30. Re2 h5 31. h4 Red8 32. Ree1 g6 33. Nce2 Nb2 34. Reb1 Nc4 35. Nf4 Re8 36. Nfe2 Bd7 37. Rb3 Ba4 38. Rc3 Rcd8 39. Rac1 Rc8 40. Rd3 Nb2 41. Rdc3 Nc4 42. Rxc4 dxc4 43. Rxc4 Bb5 44. Nxb5 axb5 45. Rc2 Red8 46. e4 Rd3 47. Nf4 Bd4+ 48. Kf1 Rxa3 49. Nd5 Kf8 50. Bd6+ Ke8 51. c6 Ra1+ 52. Ke2 f5 53. Ne7 Rd8 54. c7 fxe4 55. cxd8=Q+ Kxd8 56. fxe4 Kd7 57. e5 Ke6 58. Kd3 Rd1+ 59. Ke2 Rg1 60. Kf3 Re1 61. Nxg6 Kd5 62. Nf4# 1-0


[Site "https://www.chess.com"]

[Event "Titled Tuesday Blitz September 21 2021"]
[White "Okike, David"]
[Black "Kislov, Oleg"]
[WhiteFideId "8500134"]
[BlackFideId "13503774"]
[WhiteElo "2232"]
[BlackElo "2252"]
[Result "0-1"]
[Round "08"]
[TimeControl "180+1"]
[Date "2021.09.21"]
[WhiteClock "0:00:08"]
[BlackClock "0:00:19"]

1. e4 e6 2. d4 d5 3. Nc3 Nf6 4. e5 Nfd7 5. f4 c5 6. Nf3 Nc6 7. Be3 a6 8. Qd2 b5 9. a3 c4 10. f5 Nb6 11. fxe6 Bxe6 12. Ne2 a5 13. Nf4 b4 14. Nxe6 fxe6 15. Qf2 bxa3 16. bxa3 Be7 17. Nd2 Rf8 18. Qg3 Bh4 19. Bf2 Bxg3 20. hxg3 h6 21. Nf3 Na4 22. Be2 Rb8 23. Bd1 Nb2 24. O-O Nxd1 25. Rfxd1 Rb2 26. Rdc1 Qb6 27. a4 Kd7 28. c3 g5 29. g4 Rxf3 30. gxf3 Nxe5 31. Kg2 Nd3 32. Rf1 Nxf2 33. Rxf2 Rxf2+ 34. Kg3 Qb2 35. Rg1 Rh2 36. f4 Qf2# 0-1


[Site "https://www.chess.com"]

[Event "Titled Tuesday Blitz September 21 2021"]
[White "Perez Gormaz, Matias"]
[Black "Kim, Sergey"]
[WhiteFideId "3406342"]
[BlackFideId "13700570"]
[WhiteElo "2352"]
[BlackElo "2434"]
[Result "1/2-1/2"]
[Round "08"]
[TimeControl "180+1"]
[Date "2021.09.21"]
[WhiteClock "0:00:04"]
[BlackClock "0:00:07"]

1. e4 e5 2. Nf3 Nc6 3. Bb5 a6 4. Ba4 Nf6 5. O-O b5 6. Bb3 Bc5 7. c3 d6 8. d4 Bb6 9. a4 Bb7 10. Re1 h6 11. Be3 O-O 12. Nbd2 Re8 13. Bc2 exd4 14. cxd4 Nb4 15. Bb1 Nxe4 16. a5 Ba7 17. Qb3 c5 18. Qd1 Qf6 19. Bxe4 Bxe4 20. Nxe4 Rxe4 21. dxc5 Bxc5 22. Bd2 Rae8 23. Rxe4 Rxe4 24. Bc3 Qe7 25. Qb3 Qe6 26. Qd1 Re2 27. Nd4 Bxd4 28. Qxd4 Qg6 29. Qxb4 Kh7 30. Rf1 Re4 31. Qb3 Qf5 32. Qd1 d5 33. h3 Qe6 34. Bd4 Qg6 35. Be3 Qf5 36. Qf3 Qe6 37. Rd1 f5 38. g3 Qe5 39. h4 d4 40. Bf4 Qd5 41. Kg2 Qe6 42. h5 Qf6 43. Qd3 Qe6 44. Kg1 Qd5 45. Qf1 Re6 46. Qg2 Re4 47. Qf1 Qe6 48. Kg2 Qd5 49. Kg1 1/2-1/2


[Site "https://www.chess.com"]

[Event "Titled Tuesday Blitz September 21 2021"]
[White "Perez Ponsa, Federico"]
[Black "Aldokhin, Ivan"]
[WhiteFideId "117927"]
[BlackFideId "24115720"]
[WhiteElo "2672"]
[BlackElo "2265"]
[Result "0-1"]
[Round "08"]
[TimeControl "180+1"]
[Date "2021.09.21"]
[WhiteClock "0:01:09"]
[BlackClock "0:00:07"]

1. Nf3 Nf6 2. g3 g6 3. Bg2 Bg7 4. O-O O-O 5. c4 d6 6. Nc3 Nc6 7. d3 e5 8. Bd2 Bg4 9. Ne1 Qd7 10. Nd5 Nxd5 11. cxd5 Nd4 12. f3 Bh3 13. e3 Bxg2 14. Nxg2 Nf5 15. e4 Nd4 16. Be3 c6 17. Bxd4 exd4 18. Qb3 c5 19. f4 b5 20. Rae1 Qc7 21. Qxb5 Rab8 22. Qc6 Qxc6 23. dxc6 Rfc8 24. b3 Rxc6 25. Re2 a5 26. Rc1 a4 27. bxa4 Ra6 28. Rc4 Rba8 29. e5 dxe5 30. fxe5 Rxa4 31. Rxc5 Rxa2 32. Rxa2 Rxa2 33. Rc8+ Bf8 34. Nf4 Kg7 35. e6 Bd6 36. exf7 Kxf7 37. Nd5 Rd2 38. Rc6 Ke6 39. Nb6 Rxd3 40. Rc1 Rd2 41. Nc4 Ra2 42. Re1+ Kd5 43. Nb6+ Kc6 44. Nc4 Kd5 45. Rc1 Bc5 46. Kf1 d3 47. Ke1 Rc2 48. Rb1 Kxc4 49. Rb8 Re2+ 50. Kd1 Rxh2 51. Ke1 Rh1+ 52. Kd2 Rh2+ 53. Ke1 Be3 54. Rc8+ Kd4 55. Kf1 Rf2+ 56. Ke1 d2+ 57. Kd1 Rf1+ 58. Kc2 Rc1+ 59. Kb2 Rxc8 60. g4 d1=Q 61. g5 Qc2+ 62. Ka3 Qc3+ 63. Ka4 Qc4+ 64. Ka3 Ra8+ 65. Kb2 Ra2+ 66. Kb1 Qc2# 0-1


[Site "https://www.chess.com"]